 Dungeon Crawl Stone Soup version 0.31-a0-848-gaac375c287 (webtiles) character file.

Game seed: 14143243442707180629

532 subawu the Ruffian (level 7, 0/52 HPs)
             Began as a Gnoll Shapeshifter on Oct 4, 2023.
             Slain by a scorpion (3 damage)
             ... on level 5 of the Dungeon.
             The game lasted 00:15:08 (4316 turns).

subawu the Ruffian (Gnoll Shapeshifter)             Turns: 4316, Time: 00:15:09

Health: 0/52       AC:  6    Str: 14 (15) XL:     7   Next: 24%
Magic:  10/10      EV: 10    Int:  6 (9)  God:
Gold:   146        SH:  0    Dex: 10 (12) Spells: 10/10 levels left

rFire   . .          .
                       - Unarmed
rCold   . . .        (no shield)
rNeg    . . .        s - +0 scale mail {rPois}
rPois   +            k - melded +0 helmet
rElec   .            h - melded +0 cloak
rCorr   .            (gloves currently unavailable)
SInv    .            (boots currently unavailable)
Will    .....        (no amulet) Stlth
                     (no ring)
HPRegen 0.28/turn    (no ring)
MPRegen 0.12/turn

%: no passive effects
@: lethally poisoned (0 -> -7), beast-form
A: beast (slay +3), fangs 1, strong nose, distributed training
a: Begin Untransformation


You were on level 5 of the Dungeon.
You were a hulking beast.
You visited 2 branches of the dungeon, and saw 6 of its levels.

You collected 146 gold pieces.

Inventory:

Hand Weapons
 n - a +1 dagger of draining
Missiles
 m - 10 stones (quivered)
Armour
 a - a +0 animal skin
 h - a +0 cloak (melded)
 k - a +0 helmet (melded)
 l - a +0 scale mail
 s - a +0 scale mail of poison resistance (worn)
Talismans
 c - a beast talisman (active)
 d - a flux talisman
Scrolls
 f - a scroll of blinking
 i - 2 scrolls of identify
 o - a scroll of enchant weapon
 q - 2 scrolls of vulnerability
 r - a scroll of teleportation
Potions
 j - 3 potions of attraction


   Skills:
 + Level 3.5 Fighting
 + Level 2.4 Short Blades
 + Level 2.4 Long Blades
 + Level 2.4 Axes
 + Level 2.4 Maces & Flails
 + Level 2.4 Polearms
 + Level 2.4 Staves
 + Level 2.4 Ranged Weapons
 + Level 2.4 Throwing
 + Level 2.4 Armour
 + Level 5.2 Dodging
 + Level 2.4 Stealth
 + Level 2.4 Shields
 + Level 7.0 Unarmed Combat
 + Level 2.4 Spellcasting
 + Level 2.0 Conjurations
 + Level 2.0 Hexes
 + Level 2.0 Summonings
 + Level 2.0 Necromancy
 + Level 2.0 Translocations
 + Level 2.0 Transmutations
 + Level 2.0 Fire Magic
 + Level 2.0 Ice Magic
 + Level 2.0 Air Magic
 + Level 2.0 Earth Magic
 + Level 2.0 Poison Magic
 + Level 2.6 Invocations
 + Level 2.4 Evocations
 + Level 6.9 Shapeshifting


You had 10 spell levels left.
You didn't know any spells.
Your spell library contained the following spells:

 Spells                   Type           Power      Damage    Failure   Level
 Volatile Blastmotes      Fire/Tloc      6%         2d10      91%         3
 Fulminant Prism          Conj/Hex       1%         3d5       100%        4
 Iskenderun's Mystic Bla  Conj/Tloc      3%         2d3       100%        4


Dungeon Overview and Level Annotations

Branches:
Dungeon (5/15)             Temple (1/1) D:4

Altars:
Cheibriados
Elyvilon
Fedhas
Gozag
Kikubaaqudgha
Makhleb
Nemelex Xobeh
Okawaru
Qazlal
Ru
Sif Muna
Trog
Uskayaw
Vehumet
Wu Jian
Xom
The Shining One

Annotations:
D:5 3 runed translucent doors


Innate Abilities, Weirdness & Mutations

You are a hulking beast.
Your limbs bulge with bestial killing power. (Slay +3)
You have very sharp teeth.
Your uncanny sense of smell can sniff out nearby items.
Your experience applies equally to all skills.


Message History

Your +0 cloak unmelds from your body.
Your +0 helmet unmelds from your body.
Your +0 scale mail of poison resistance unmelds from your body.
You feel resistant to poison.
You turn into a hulking beast.
Your +0 cloak melds into your body.
Your +0 helmet melds into your body.
Throw: 12 stones
Press: ? - help, Q - select action Shift-Dir - straight line, f/p - gnoll
Aim: a gnoll, wielding a +0 halberd (severely wounded, weak-willed, 64% to hit)
You throw a stone. The stone closely misses the gnoll.
A gnoll is nearby!
A gnoll is nearby!
A gnoll is nearby!
A gnoll is nearby!
A gnoll is nearby!
Throw: 11 stones
Press: ? - help, Q - select action Shift-Dir - straight line, f/p - gnoll
Aim: a gnoll, wielding a +0 halberd (severely wounded, weak-willed, 64% to hit)
You throw a stone. The stone hits the gnoll.
You kill the gnoll!
Unknown command.
You start resting.
A scorpion comes into view.
A scorpion is nearby!
A scorpion is nearby!
You feel your willpower return.
You see here a scroll labelled LOFFUACUC HEKH.
You closely miss the scorpion.
You bite the scorpion, but do no damage.
The scorpion stings you.
* * * LOW HITPOINT WARNING * * *
You are lethally poisoned!
The scorpion poisons you!
You closely miss the scorpion.
* * * LOW HITPOINT WARNING * * *
You feel very sick. The scorpion barely misses you.
You hit the scorpion.
The scorpion is moderately wounded.
* * * LOW HITPOINT WARNING * * *
You feel sick. The scorpion stings you.
You die...

..............
..............
.......##+++##
......##..$$$# ......#
$_$.. ).....# ∆ 8$.8
......# ∆∆∆...#### #
......## ∩##..# .#
#......#######..h###..##
##..........##..s#.....#
#..........#.##........#
#................##......
#.................# ..##.
#.............#).....##
..............##..)..#
.................#......
......##...........####.


You could see a scorpion.

Vanquished Creatures
  Blork the orc (D:4)
  A scorpion (D:4)
  2 orc priests
  A hound (D:5)
  An iguana (D:3)
  2 sleepcaps (D:4)
  2 orc wizards
  5 adders
  2 gnolls (D:5)
  A shadow imp (D:4)
  A white imp (D:5)
  4 worms
  13 orcs
  3 ball pythons
  10 endoplasms
  3 giant cockroaches
  13 goblins
  9 hobgoblins
  2 quokkas
  8 bats
  3 frilled lizards
  6 kobolds
  7 rats
100 creatures vanquished.

Notes
Turn   | Place    | Note
-------+----------+-------------------------------------------
     0 | D:1      | subawu the Gnoll Shapeshifter began the quest for the Orb.
     0 | D:1      | Reached XP level 1. HP: 17/17 MP: 1/1
   189 | D:1      | Reached XP level 2. HP: 23/23 MP: 2/2
   762 | D:2      | Reached XP level 3. HP: 28/28 MP: 3/3
  1079 | D:2      | Reached skill level 1 in Invocations
  1516 | D:2      | Reached skill level 1 in Short Blades
  1516 | D:2      | Reached skill level 1 in Long Blades
  1516 | D:2      | Reached skill level 1 in Axes
  1516 | D:2      | Reached skill level 1 in Maces & Flails
  1516 | D:2      | Reached skill level 1 in Polearms
  1516 | D:2      | Reached skill level 1 in Staves
  1516 | D:2      | Reached skill level 1 in Ranged Weapons
  1516 | D:2      | Reached skill level 1 in Throwing
  1516 | D:2      | Reached skill level 1 in Armour
  1516 | D:2      | Reached skill level 1 in Stealth
  1516 | D:2      | Reached skill level 1 in Shields
  1516 | D:2      | Reached skill level 1 in Spellcasting
  1516 | D:2      | Reached skill level 1 in Evocations
  1754 | D:3      | Reached XP level 4. HP: 34/34 MP: 5/5
  1981 | D:3      | Reached skill level 1 in Conjurations
  1981 | D:3      | Reached skill level 1 in Hexes
  1981 | D:3      | Reached skill level 1 in Summonings
  1981 | D:3      | Reached skill level 1 in Necromancy
  1981 | D:3      | Reached skill level 1 in Translocations
  1981 | D:3      | Reached skill level 1 in Transmutations
  1981 | D:3      | Reached skill level 1 in Fire Magic
  1981 | D:3      | Reached skill level 1 in Ice Magic
  1981 | D:3      | Reached skill level 1 in Air Magic
  1981 | D:3      | Reached skill level 1 in Earth Magic
  1981 | D:3      | Reached skill level 1 in Poison Magic
  2511 | D:3      | Found a hide-covered altar of Uskayaw.
  2581 | D:3      | Reached XP level 5. HP: 38/40 MP: 5/7
  3007 | D:4      | Reached XP level 6. HP: 47/47 MP: 8/8
  3174 | D:4      | Reached skill level 5 in Dodging
  3210 | D:4      | Found an ancient bone altar of Kikubaaqudgha.
  3277 | D:4      | Found a staircase to the Ecumenical Temple.
  3286 | Temple   | Entered the Ecumenical Temple
  3403 | D:4      | Noticed Blork the orc
  3410 | D:4      | Killed Blork the orc
  3922 | D:4      | Reached XP level 7. HP: 51/52 MP: 10/10
  3932 | D:4      | Reached skill level 7 in Unarmed Combat
  4177 | D:5      | Entered Level 5 of the Dungeon
  4186 | D:5      | Found a runed translucent gate.
  4189 | D:5      | Found a runed translucent gate.
  4190 | D:5      | Found a runed translucent gate.
  4192 | D:5      | Found an opulent altar of Gozag.
  4270 | D:5      | HP: 2/78 [gnoll/+0 halberd (4)]
  4316 | D:5      | Slain by a scorpion

Illustrated notes

Levels and vault maps discovered:
D:1:      dpeg_arrival_tiny_k, layout_loops_ring, minivault_26
D:2:      layout_loops_corners, minmay_cut_off
D:3:      corexii_shack_village, layout_loops_ring, nicolae_uskayaw_suspiria,
          hex_tiny, minivault_24, st_stairs_1, grunt_ministairs_6, minivault_26,
          item_on_display_a
D:4:      layout_loops_corners, mainiacjoe_overflow_alcove_2,
          minmay_temple_entry_hall, uniq_blork_the_orc
D:5:      minmay_bubble_buster, layout_cave_pools,
          mainiacjoe_overflow_six_doors_small, ebering_ghost_gozag,
          serial_shops, nicolae_shop_waterfront, dreamdust_gnoll_farm
Temple:   nicolae_temple_bog_church

Skill      XL: |  1  2  3  4  5  6  7 |
---------------+----------------------+-----
Invocations    | 1 2 |  2.6
Short Blades   | 1 2 |  2.4
Long Blades    | 1 2 |  2.4
Axes           | 1 2 |  2.4
Maces & Flails | 1 2 |  2.4
Polearms       | 1 2 |  2.4
Staves         | 1 2 |  2.4
Ranged Weapons | 1 2 |  2.4
Throwing       | 1 2 |  2.4
Armour         | 1 2 |  2.4
Stealth        | 1 2 |  2.4
Shields        | 1 2 |  2.4
Spellcasting   | 1 2 |  2.4
Evocations     | 1 2 |  2.4
Conjurations   | 1 2 |  2.0
Hexes          | 1 2 |  2.0
Summonings     | 1 2 |  2.0
Necromancy     | 1 2 |  2.0
Translocations | 1 2 |  2.0
Transmutations | 1 2 |  2.0
Fire Magic     | 1 2 |  2.0
Ice Magic      | 1 2 |  2.0
Air Magic      | 1 2 |  2.0
Earth Magic    | 1 2 |  2.0
Poison Magic   | 1 2 |  2.0
Fighting       | 3 |  3.5
Dodging        | 5 |  5.2
Unarmed Combat | 7 |  7.0
Shapeshifting  | |  6.9

Action                     |  1- 3 |  4- 6 |  7- 9 || total
---------------------------+-------+-------+-------++-------
  Melee: Unarmed           |    74 |   150 |    32 ||   256
         Bite              |     2 |     9 |     3 ||    14
         Punch             |     1 |     7 |       ||     8
  Throw: Stone             |       |       |    19 ||    19
    Use: Potion            |       |     5 |     5 ||    10
         Scroll            |       |       |     7 ||     7
   Stab: Distracted        |     1 |       |       ||     1
 Armour: Animal skin       |    28 |       |       ||    28
         Scale mail        |    22 |   107 |    18 ||   147
         Skin              |       |       |    38 ||    38
  Dodge: Dodged            |    55 |   100 |    19 ||   174
         Form:             |     2 |       |       ||     2
         Beast             |     2 |       |       ||     2

Table legend: (Time is in decaauts)
 A = Elapsed time spent in this place.
 B = Non-inter-level travel time spent in this place.
 C = Inter-level travel time spent in this place.
 D = Time resting spent in this place.
 E = Time spent auto-exploring this place.
 F = Levels seen in this place.
 G = Mean time per level.
                   A        B        C        D        E       F      G
               +--------+--------+--------+--------+--------+-----+--------+
         Total |   4268 |   4094 |    174 |    336 |   2587 |   6 |  711.3 |
       Dungeon |   4183 |   4009 |    174 |    336 |   2587 |   5 |  836.6 |
        Temple |     84 |     84 |      0 |      0 |      0 |   1 |   84.0 |
               +--------+--------+--------+--------+--------+-----+--------+

Top non-repeatable levels by time:
     D:3: 1244 daAuts
     D:4: 1065 daAuts
     D:2: 989 daAuts
     D:1: 748 daAuts
     D:5: 136 daAuts
  Temple: 84 daAuts
